 Dungeon Crawl Stone Soup version 0.16-a0-3596-g438c78e (webtiles) character file.

602590 Ololoev the Ruinous (level 27, -13/190 HPs)
             Began as an Octopode Fire Elementalist on Dec 25, 2014.
             Was the Champion of Vehumet.
             Blown up by an ancient lich (100 damage)
             ... with an orb of destruction
             ... on level 5 of the Vaults on Jan 12, 2015.
             The game lasted 07:35:11 (78364 turns).

Ololoev the Ruinous (Octopode Fire Elementalist)   Turns: 78364, Time: 07:35:11

Health: -13/190    AC: 11    Str: 13    XL:     27
Magic:  41/52      EV: 41    Int: 37    God:    Vehumet [******]
Gold:   7767       SH: 16    Dex: 23    Spells: 10 memorised, 20 levels left

rFire  + + .     SeeInvis .     F - staff of fire
rCold  + . .     Rnd*Rage +     q - +5 shield {reflect}
rNeg   + . .     SustAb   .     D - +1 hat {MR+}
rPois  .         Gourm    .     I - amulet of regeneration
rElec  +         Spirit   .     d - +6 ring of protection
rCorr  .         Warding  .     B - ring of Ecvoazae {rC+ rN+ MR+ HP+5}
rMut   .         Stasis   .     X - ring of Order {MP+9 Dex+3}
MR     ++++.                    g - +5 ring of intelligence
Stlth  +++++.....               t - ring of fire
                                Y - ring of Shaolin {EV+8}
                                m - ring of wizardry
                                w - +6 ring of evasion

@: mighty, brilliant, agile, very slightly contaminated, delayed fireball,
studying Transmutations, repel missiles, incredibly resistant to hostile
enchantments, quite stealthy
A: almost no armour, amphibious, 8 rings, constrict 8, molten scales 1, slimy
green scales 1, camouflage 1, agile 1, berserk 1, cold resistance 1, mutation
resistance 1, screaming 1, electricity resistance, weak 1, gelatinous body 1
a: Renounce Religion, Release Delayed Fireball
}: 3/15 runes: serpentine, barnacled, slimy


You were on level 5 of the Vaults.
You worshipped Vehumet.
Vehumet was exalted by your worship.
You were not hungry.

You visited 11 branches of the dungeon, and saw 60 of its levels.
You also visited: Labyrinth, Trove, Ossuary and Ice Cave.

You collected 10478 gold pieces.
You spent 2711 gold pieces at shops.

Notes
Turn   | Place    | Note
--------------------------------------------------------------
     0 | D:1      | Ololoev, the Octopode Fire Elementalist, began the quest for the Orb.
     0 | D:1      | Reached XP level 1. HP: 11/11 MP: 3/3
   143 | D:1      | Reached XP level 2. HP: 17/17 MP: 4/4
   421 | D:1      | Reached XP level 3. HP: 9/21 MP: 1/6
   790 | D:2      | Learned a level 3 spell: Conjure Flame
  1068 | D:2      | Reached XP level 4. HP: 27/27 MP: 0/8
  1474 | D:2      | Noticed Ijyb
  1504 | D:2      | Killed Ijyb
  1912 | D:2      | Reached XP level 5. HP: 29/31 MP: 2/10
  2360 | D:2      | Found an ancient bone altar of Kikubaaqudgha.
  2364 | D:2      | Reached skill level 4 in Fire Magic
  2365 | D:2      | Reached XP level 6. HP: 33/36 MP: 7/13
  3097 | D:3      | Found an ancient bone altar of Kikubaaqudgha.
  3097 | D:3      | Noticed a human
  3100 | D:3      | Killed a human
  3266 | D:3      | Found a sparkling altar of Nemelex Xobeh.
  4013 | D:4      | Found a white marble altar of Elyvilon.
  4121 | D:4      | Reached skill level 5 in Conjurations
  4121 | D:4      | Reached XP level 7. HP: 22/41 MP: 8/14
  4123 | D:4      | Reached skill level 5 in Fire Magic
  4542 | D:4      | Found a bloodstained altar of Trog.
  4890 | D:4      | Found a staircase to the Ecumenical Temple.
  4906 | Temple   | Entered the Ecumenical Temple
  5013 | Temple   | Became a worshipper of Vehumet
  5290 | D:5      | Entered Level 5 of the Dungeon
  5309 | D:5      | Learned a level 4 spell: Sticky Flame
  5429 | D:5      | Found an opulent altar of Gozag.
  5742 | D:5      | Reached skill level 6 in Fire Magic
  5879 | D:5      | Noticed Eustachio
  5890 | D:5      | Killed Eustachio
  5890 | D:5      | Reached XP level 8. HP: 43/46 MP: 6/16
  6822 | D:6      | Reached skill level 7 in Conjurations
  6882 | D:6      | Learned a level 5 spell: Fireball
  6914 | D:6      | Noticed haldagan's ghost (experienced OpFi)
  6923 | D:6      | Killed haldagan's ghost
  6923 | D:6      | Reached XP level 9. HP: 25/51 MP: 2/18
  7080 | D:6      | Found a snail-covered altar of Cheibriados.
  7080 | D:6      | Found a stormy altar of Qazlal.
  7113 | D:6      | Reached skill level 8 in Fire Magic
  7660 | D:6      | Acquired Vehumet's first power
  7660 | D:6      | Offered knowledge of Freeze by Vehumet.
  8024 | D:6      | Found a white marble altar of Elyvilon.
  8195 | D:7      | Found a sand-covered staircase.
  8203 | Ossuary  | Entered an ossuary
  8237 | Ossuary  | Reached skill level 9 in Fire Magic
  8669 | D:7      | Offered knowledge of Shock by Vehumet.
  8831 | D:7      | Noticed Duvessa
  8839 | D:7      | Noticed Dowan
  8841 | D:7      | Killed Duvessa
  8897 | D:7      | Killed Dowan
  8994 | D:7      | Noticed Sigmund
  8996 | D:7      | Noticed Blork the orc
  8996 | D:7      | Killed Sigmund
  8997 | D:7      | Killed Blork the orc
  9392 | D:7      | Found a shadowy altar of Dithmenos.
  9460 | D:7      | Reached XP level 10. HP: 51/56 MP: 20/20
  9543 | D:8      | Offered knowledge of Dazzling Spray by Vehumet.
  9735 | D:8      | Noticed Grum
  9737 | D:8      | Reached skill level 10 in Fire Magic
  9738 | D:8      | Killed Grum
  9822 | D:8      | Found a staircase to the Lair.
  9829 | D:8      | Reached skill level 10 in Conjurations
  9834 | D:8      | Acquired Vehumet's second power
 10633 | D:10     | Entered Level 10 of the Dungeon
 10636 | D:10     | Offered knowledge of Iskenderun's Mystic Blast by Vehumet.
 10730 | D:10     | Reached skill level 5 in Spellcasting
 10773 | D:10     | Noticed a hill giant
 10780 | D:10     | Killed a hill giant
 10780 | D:10     | Reached skill level 11 in Fire Magic
 11053 | D:10     | Acquired Vehumet's third power
 11136 | D:10     | Reached XP level 11. HP: 51/61 MP: 23/23
 11203 | D:10     | Found a staircase to the Orcish Mines.
 11214 | D:10     | Offered knowledge of Throw Icicle by Vehumet.
 12402 | D:11     | Noticed a hill giant
 12407 | D:11     | Killed a hill giant
 12646 | D:11     | Found a portal to a secret trove of treasure.
 12751 | D:11     | Offered knowledge of Poison Arrow by Vehumet.
 12769 | D:11     | Found Riuqolic's Weapon Shoppe.
 12919 | D:11     | Reached skill level 12 in Fire Magic
 13062 | D:12     | Found Bighuheur's Antique Weapon Emporium.
 13067 | D:12     | Found a frozen archway.
 13187 | IceCv    | Entered an ice cave
 13205 | IceCv    | Reached XP level 12. HP: 66/66 MP: 19/26
 13294 | IceCv    | Noticed an ice statue
 13466 | IceCv    | Killed an ice statue
 14002 | IceCv    | Noticed a death yak
 14020 | IceCv    | Killed a death yak
 14020 | IceCv    | Reached skill level 13 in Conjurations
 15045 | IceCv    | Noticed a death yak
 15045 | IceCv    | Noticed a frost giant
 15054 | IceCv    | Offered knowledge of Bolt of Fire by Vehumet.
 15054 | IceCv    | Killed a death yak
 15062 | IceCv    | Learned a level 6 spell: Bolt of Fire
 15070 | IceCv    | Killed a frost giant
 15070 | IceCv    | Reached skill level 5 in Dodging
 15782 | D:12     | Found Wixynom's Distillery.
 15805 | D:12     | Bought a potion of mutation for 40 gold pieces
 15805 | D:12     | Bought a potion of heal wounds for 80 gold pieces
 15805 | D:12     | Bought a potion of heal wounds for 80 gold pieces
 15805 | D:12     | Bought a potion of might for 64 gold pieces
 15805 | D:12     | Bought a potion of experience for 800 gold pieces
 15805 | D:12     | Bought a potion of cancellation for 128 gold pieces
 15807 | D:12     | Reached XP level 13. HP: 70/86 MP: 29/29
 15908 | D:12     | Noticed a hill giant
 15917 | D:12     | Killed a hill giant
 15917 | D:12     | Reached XP level 14. HP: 74/92 MP: 16/30
 16166 | D:12     | Found Baeblun's Magic Scroll Emporium.
 16171 | D:12     | Bought a scroll of identify for 26 gold pieces
 16171 | D:12     | Bought a scroll of identify for 26 gold pieces
 16916 | Orc:1    | Entered Level 1 of the Orcish Mines
 17292 | Orc:1    | Learned a level 3 spell: Mephitic Cloud
 17295 | Orc:1    | Learned a level 2 spell: Repel Missiles
 17298 | Orc:1    | Learned a level 2 spell: Blink
 18301 | Orc:2    | Noticed Erolcha
 18303 | Orc:2    | Killed Erolcha
 18313 | Orc:2    | Offered knowledge of Lightning Bolt by Vehumet.
 18693 | Orc:3    | Found a roughly hewn altar of Beogh.
 19086 | Orc:4    | Entered Level 4 of the Orcish Mines
 19107 | Orc:4    | Found a labyrinth entrance.
 19115 | Lab      | Entered a labyrinth
 19325 | Lab      | Identified the Incunabulum of Execration and Translocation
 19473 | Orc:4    | Found Oziuhoadgh's Weapon Boutique.
 19508 | Orc:4    | Found a roughly hewn altar of Beogh.
 19514 | Orc:4    | Found Owey's Weapon Shop.
 19705 | Orc:4    | Found Tuiroagh's Antique Weapon Emporium.
 19711 | Orc:4    | Found Efakixte's Armour Emporium.
 19750 | Orc:4    | Noticed an orc warlord
 19814 | Orc:4    | Killed an orc warlord
 19824 | Orc:4    | Offered knowledge of Delayed Fireball by Vehumet.
 19836 | Orc:4    | Learned a level 7 spell: Delayed Fireball
 20050 | Orc:4    | Found a roughly hewn altar of Beogh.
 20059 | Orc:4    | Found Blyfoeq's Antique Weapon Boutique.
 20158 | Orc:4    | Found a roughly hewn altar of Beogh.
 20222 | Orc:4    | Found a staircase to the Elven Halls.
 20255 | Orc:4    | Found Beotzeis' Assorted Antiques.
 20264 | Orc:4    | Bought a scroll of magic mapping for 108 gold pieces
 20264 | Orc:4    | Bought a scroll of identify for 62 gold pieces
 20264 | Orc:4    | Bought a scroll of identify for 62 gold pieces
 20281 | Orc:4    | Found Jiahiole's Food Boutique.
 20329 | Orc:4    | Noticed an orc warlord
 20342 | Orc:4    | Killed an orc warlord
 20342 | Orc:4    | Reached skill level 14 in Conjurations
 21132 | Orc:4    | Found Uxiaf's Antique Armour Emporium.
 21132 | Orc:4    | Found a roughly hewn altar of Beogh.
 21134 | Orc:4    | Found Xyqeumejoy's Antique Weapon Shoppe.
 21223 | Orc:4    | Found a roughly hewn altar of Beogh.
 21247 | Orc:4    | Found a roughly hewn altar of Beogh.
 21666 | Orc:4    | Offered knowledge of Bolt of Cold by Vehumet.
 21900 | Orc:4    | Found a roughly hewn altar of Beogh.
 22087 | Orc:4    | Bought a chunky paperback book for 465 gold pieces
 22280 | D:12     | Bought a scroll of identify for 26 gold pieces
 22280 | D:12     | Bought a scroll of summoning for 123 gold pieces
 22280 | D:12     | Bought a scroll of magic mapping for 45 gold pieces
 23126 | D:13     | Reached XP level 15. HP: 97/97 MP: 32/32
 23179 | D:13     | Reached skill level 10 in Spellcasting
 23412 | D:13     | Found a gate to the Vaults.
 23623 | D:13     | Offered knowledge of Ozocubu's Refrigeration by Vehumet.
 24142 | D:14     | Reached skill level 10 in Dodging
 24345 | D:14     | Found a shimmering altar of Xom.
 25127 | D:15     | Entered Level 15 of the Dungeon
 25472 | D:15     | Noticed Azrael
 25717 | Lair:1   | Entered Level 1 of the Lair of Beasts
 25748 | Lair:1   | Offered knowledge of Poisonous Cloud by Vehumet.
 27030 | Lair:2   | Reached skill level 1 in Shields
 27042 | Lair:2   | Reached skill level 15 in Conjurations
 27373 | Lair:2   | Reached XP level 16. HP: 103/103 MP: 34/34
 27992 | Lair:2   | Identified a scroll of acquirement
 28472 | Lair:3   | Offered knowledge of Lehudib's Crystal Spear by Vehumet.
 28472 | Lair:3   | Offered knowledge of Fire Storm by Vehumet.
 28472 | Lair:3   | Offered knowledge of Chain Lightning by Vehumet.
 28726 | Lair:3   | Learned a level 3 spell: Regeneration
 29731 | Lair:5   | Found a staircase to the Snake Pit.
 29972 | Lair:5   | Got a fine falchion
 29973 | Lair:5   | Identified the +3 falchion of the Final Decision {slice, Dex+2} (You found it on level 5 of the Lair of Beasts)
 30428 | Lair:6   | Found a staircase to the Shoals.
 30790 | Lair:6   | Found a staircase to the Slime Pits.
 31803 | Lair:7   | Reached skill level 5 in Shields
 32411 | Lair:8   | Entered Level 8 of the Lair of Beasts
 32699 | Lair:8   | Reached skill level 15 in Fire Magic
 33440 | Lair:8   | Found a staircase to the Slime Pits.
 33446 | Lair:8   | Upgraded the game from 0.16-a0-3300-g0332368 to 0.16-a0-3308-g116f5c4
 33684 | Lair:8   | Found a shimmering altar of Xom.
 33855 | Lair:8   | Reached XP level 17. HP: 111/111 MP: 35/35
 34188 | Snake:1  | Entered Level 1 of the Snake Pit
 35451 | Snake:2  | Found Mialeke's Book Shop.
 36448 | Snake:3  | Found a runed door.
 36835 | Snake:3  | Reached skill level 10 in Fighting
 36966 | Snake:4  | Noticed Jorgrun
 37159 | Shoals:1 | Entered Level 1 of the Shoals
 37459 | Shoals:1 | Noticed ThermosAquaticus' ghost (powerful OpTm)
 37470 | Shoals:1 | Killed ThermosAquaticus' ghost
 38140 | Shoals:2 | Noticed Saint Roka
 38149 | Shoals:2 | Reached skill level 16 in Conjurations
 38314 | Shoals:2 | Found Omarhuusi's Antique Armour Emporium.
 38369 | Shoals:2 | Noticed Frances
 38374 | Shoals:2 | Killed Frances
 38491 | Shoals:2 | Reached XP level 18. HP: 124/124 MP: 30/37
 39252 | Shoals:2 | Killed Saint Roka
 39253 | Shoals:2 | Noticed Rupert
 39254 | Shoals:2 | Killed Rupert
 40310 | Shoals:3 | You fall through a shaft!
 41601 | Shoals:5 | Entered Level 5 of the Shoals
 42167 | Shoals:5 | Got a barnacled rune of Zot
 42410 | Shoals:5 | Noticed Ilsuiw
 42421 | Shoals:5 | Killed Ilsuiw
 42725 | Shoals:5 | Reached XP level 19. HP: 120/134 MP: 35/38
 42755 | Shoals:5 | Identified the Compendium of Darkness and Good Luck
 43179 | Shoals:5 | Got a bloodstained demon whip
 43524 | Shoals:5 | Identified the +4 demon whip of Gudyos {drain, +Blink rPois} (You took it off a merfolk on level 5 of the Shoals)
 43836 | Shoals:1 | You fall through a shaft!
 44305 | Elf:1    | Entered Level 1 of the Elven Halls
 44505 | Elf:1    | Noticed Kirke
 44508 | Elf:1    | Killed Kirke
 44535 | Elf:1    | Reached skill level 17 in Conjurations
 46034 | Elf:3    | Entered Level 3 of the Elven Halls
 47063 | Elf:3    | Reached XP level 20. HP: 144/144 MP: 39/39
 47130 | Elf:3    | Noticed runewalsh's ghost (mighty OpIE)
 47587 | Elf:1    | Learned a level 9 spell: Fire Storm
 47814 | D:13     | Reached skill level 1 in Evocations
 47839 | Vaults:1 | Entered Level 1 of the Vaults
 49396 | Vaults:1 | Reached skill level 5 in Evocations
 50565 | Slime:1  | Entered Level 1 of the Pits of Slime
 51029 | Slime:4  | Reached skill level 18 in Conjurations
 51448 | Slime:5  | Reached XP level 21. HP: 130/150 MP: 25/40
 51748 | Slime:6  | Entered Level 6 of the Pits of Slime
 51921 | Slime:6  | Noticed the royal jelly
 51926 | Slime:6  | Killed the royal jelly
 51926 | Slime:6  | Reached skill level 10 in Evocations
 52152 | Slime:6  | Reached skill level 15 in Spellcasting
 52456 | Slime:6  | Got a scorched morningstar
 52460 | Slime:6  | Identified the cursed +0 morningstar of Anniohud {vamp, +Inv rC+ MR+ Str-1} (You found it on level 6 of the Pits of Slime)
 52482 | Slime:6  | Got a bloodstained arbalest
 52485 | Slime:6  | Got a slimy rune of Zot
 53028 | D:11     | You paid a toll of 21 scrolls of identify to enter a treasure trove
 53029 | Trove    | Entered a treasure trove
 53061 | Trove    | Got a flickering silver ring
 53069 | Trove    | Identified the ring of Order {MP+9 Dex+3} (You found it in a treasure trove)
 53668 | Elf:3    | Killed runewalsh's ghost
 54025 | Elf:3    | Learned a level 6 spell: Iron Shot
 54028 | Elf:3    | Identified the Disquisition on Translocation
 54034 | Elf:3    | Learned a level 4 spell: Control Teleport
 54036 | Elf:3    | Identified the Reference Book on Calling and Evil
 54750 | Snake:4  | Killed Jorgrun
 54830 | Snake:4  | Reached XP level 22. HP: 156/156 MP: 41/41
 55444 | Snake:5  | Entered Level 5 of the Snake Pit
 55773 | Snake:5  | Reached XP level 23. HP: 162/162 MP: 18/41
 56072 | Snake:5  | Reached skill level 19 in Conjurations
 56826 | Snake:5  | Got a serpentine rune of Zot
 57010 | Snake:4  | Gained mutation: Your natural rate of healing is unusually fast. [mutagenic meat]
 57011 | Snake:4  | Lost mutation: Your natural rate of healing is unusually fast. [mutagenic meat]
 57012 | Snake:4  | Gained mutation: Scrolls take you a little longer to read. [mutagenic meat]
 57013 | Snake:4  | Gained mutation: Your mind is acute. (Int +2) [mutagenic meat]
 57862 | Vaults:2 | Found a staircase to the Crypt.
 57862 | Vaults:2 | Found an ancient bone altar of Kikubaaqudgha.
 57863 | Vaults:2 | Found a basalt altar of Yredelemnul.
 58028 | Vaults:2 | Lost mutation: Scrolls take you a little longer to read. [mutagenic meat]
 58029 | Vaults:2 | Gained mutation: You tend to lose your temper in combat. [mutagenic meat]
 58030 | Vaults:2 | Gained mutation: You have an increased reservoir of magic (+10% MP). [mutagenic meat]
 58031 | Vaults:2 | Gained mutation: You are frail (-10% HP). [mutagenic meat]
 58033 | Vaults:2 | Gained mutation: You have a pair of small antennae on your head. [mutagenic meat]
 58034 | Vaults:2 | Gained mutation: You evolve. [mutagenic meat]
 58035 | Vaults:2 | Gained mutation: You are partially covered in molten scales (AC +1). [mutagenic meat]
 58983 | Vaults:2 | Noticed Mara
 59559 | Vaults:3 | Found Lyisk's Weapon Boutique.
 59904 | Vaults:3 | Reached skill level 20 in Conjurations
 59916 | Vaults:3 | Reached XP level 24. HP: 151/151 MP: 15/47
 62402 | Vaults:4 | Upgraded the game from 0.16-a0-3308-g116f5c4 to 0.16-a0-3596-g438c78e
 62604 | Crypt:1  | Entered Level 1 of the Crypt
 64417 | Crypt:2  | Reached skill level 21 in Conjurations
 64667 | Crypt:3  | Entered Level 3 of the Crypt
 65515 | Crypt:3  | Reached XP level 25. HP: 155/155 MP: 33/47
 66010 | Crypt:3  | Got an encrusted great sword
 67517 | Crypt:3  | Found a basalt altar of Yredelemnul.
 67884 | Crypt:3  | Found a staircase to the Tomb.
 68341 | Vaults:5 | Entered Level 5 of the Vaults
 68341 | Vaults:5 | Noticed Margery
 68802 | D:15     | Found a staircase to the Depths.
 68803 | D:15     | Found a white marble altar of Elyvilon.
 68830 | D:15     | Killed Azrael
 69273 | Depths:1 | Entered Level 1 of the Depths
 69344 | Depths:1 | Found a gateway to Hell.
 69398 | Depths:1 | Reached skill level 22 in Conjurations
 69568 | Depths:1 | Found a one-way gate to the infinite horrors of the Abyss.
 69623 | Depths:1 | Lost mutation: You evolve. [end of evolution]
 70353 | Depths:2 | Noticed Aizul
 70648 | Depths:2 | Killed Aizul
 70796 | Depths:2 | Noticed BluebellGnoll's ghost (awesomely powerful SpEn)
 70805 | Depths:2 | Killed BluebellGnoll's ghost
 71084 | Depths:2 | Reached XP level 26. HP: 162/162 MP: 48/48
 71112 | Depths:2 | Gained mutation: Your system is resistant to poisons. [mutagenic meat]
 71113 | Depths:2 | Gained mutation: Scrolls take you a little longer to read. [mutagenic meat]
 71114 | Depths:2 | Lost mutation: You tend to lose your temper in combat. [mutagenic meat]
 71115 | Depths:2 | Lost mutation: Scrolls take you a little longer to read. [mutagenic meat]
 71116 | Depths:2 | Gained mutation: You occasionally shout uncontrollably at your foes. [mutagenic meat]
 71165 | Depths:2 | Gained mutation: You are resistant to electric shocks. [mutagenic meat]
 71168 | Depths:2 | Gained mutation: Your mind is very acute. (Int +4) [mutagenic meat]
 71358 | Depths:2 | Lost mutation: Your system is resistant to poisons. [mutagenic meat]
 71622 | Depths:3 | Found a one-way gate leading to the halls of Pandemonium.
 72050 | Depths:3 | Found a gateway to a ziggurat.
 72212 | Depths:3 | Found Ucrusch's Assorted Antiques.
 72217 | Depths:3 | Bought 2 potions of magic for 384 gold pieces
 72217 | Depths:3 | Bought 2 potions of agility for 192 gold pieces
 73309 | D:12     | Gained mutation: You sometimes yell uncontrollably at your foes. [potion of mutation]
 73309 | D:12     | Gained mutation: One of your tentacles bears a spike. [potion of mutation]
 73310 | D:12     | Lost mutation: Your mind is very acute. (Int +4) [potion of mutation]
 73310 | D:12     | Gained mutation: You tend to lose your temper in combat. [potion of mutation]
 73310 | D:12     | Lost mutation: Your mind is acute. (Int +2) [potion of mutation]
 73493 | Lair:2   | Gained mutation: You are very frail (-20% HP). [potion of mutation]
 73493 | Lair:2   | Gained mutation: You often lose your temper in combat. [potion of mutation]
 73574 | Lair:2   | Lost mutation: You are very frail (-20% HP). [potion of mutation]
 73575 | Lair:2   | Lost mutation: You are frail (-10% HP). [potion of cure mutation]
 73575 | Lair:2   | Lost mutation: You have a pair of small antennae on your head. [potion of cure mutation]
 73575 | Lair:2   | Lost mutation: One of your tentacles bears a spike. [potion of cure mutation]
 73575 | Lair:2   | Lost mutation: You have an increased reservoir of magic (+10% MP). [potion of cure mutation]
 73575 | Lair:2   | Lost mutation: You sometimes yell uncontrollably at your foes. [potion of cure mutation]
 74458 | Depths:4 | Reached skill level 23 in Conjurations
 75068 | Depths:4 | Identified a +2 rod of clouds (9/9) (You found it on level 4 of the Depths)
 75072 | Depths:4 | Got a glittering diamond amulet
 75073 | Depths:4 | Identified the amulet of Duli {Stasis rElec} (You found it on level 4 of the Depths)
 75091 | Depths:4 | Identified the Grimoire of Stolen Souls
 75098 | Depths:4 | Got a coiled copper ring
 75100 | Depths:4 | Identified the ring of Ecvoazae {rC+ rN+ MR+ HP+5} (You found it on level 4 of the Depths)
 75131 | Depths:4 | Got a sapphire flail
 75132 | Depths:4 | Identified the +3 flail "Foco Fir" {freeze, +Twstr SInv Stlth+} (You found it on level 4 of the Depths)
 75207 | Depths:5 | Entered Level 5 of the Depths
 75602 | Depths:5 | Found an iron altar of Okawaru.
 75666 | Depths:5 | Found a bloodstained altar of Trog.
 75667 | Depths:5 | Found a basalt altar of Yredelemnul.
 75675 | Depths:5 | Gained mutation: You are agile. (Dex +2) [mutagenic meat]
 75676 | Depths:5 | Gained mutation: You are somewhat resistant to further mutation. [mutagenic meat]
 75677 | Depths:5 | Gained mutation: You are partially covered in slimy green scales (AC +2). [mutagenic meat]
 75795 | Depths:5 | Found a gate to the Realm of Zot.
 75950 | Depths:5 | Reached XP level 27. HP: 185/185 MP: 10/45
 76175 | Depths:5 | Gained mutation: Your flesh is cold resistant. [mutagenic meat]
 76634 | Depths:5 | Lost mutation: You often lose your temper in combat. [mutagenic meat]
 76635 | Depths:5 | Gained mutation: You are weak. (Str -2) [mutagenic meat]
 77519 | Depths:5 | Reached skill level 24 in Conjurations
 78341 | Vaults:5 | Killed Margery
 78358 | Vaults:5 | Noticed an ancient lich
 78364 | Vaults:5 | Blown up by an ancient lich

Inventory:

Armour
 q - a +5 shield of reflection (worn)
 D - a +1 hat of magic resistance (worn)
Magical staves
 F - an uncursed staff of fire (weapon)
Jewellery
 d - a +6 ring of protection (left tentacle)
 g - a +5 ring of intelligence (on tentacle)
 k - an uncursed amulet of resist mutation
 m - a ring of wizardry (on tentacle)
 r - an uncursed ring of see invisible
 t - a ring of fire (on tentacle)
 w - a +6 ring of evasion (on tentacle)
 B - the ring of Ecvoazae (right tentacle) {rC+ rN+ MR+ HP+5}
   (You found it on level 4 of the Depths)

   [ring of positive energy]

   It protects you from cold.
   It protects you from negative energy.
   It affects your resistance to hostile enchantments.
   It affects your health (+5).
 I - an amulet of regeneration (around mantle)
 X - the ring of Order (on tentacle) {MP+9 Dex+3}
   (You found it in a treasure trove)

   [ring of magical power]

   It affects your dexterity (+3).
   It affects your magic capacity (+9).
 Y - the ring of Shaolin (on tentacle) {EV+8}
   (You found it in a treasure trove)

   [ring of evasion]

   It affects your evasion (+8).
Magical devices
 v - a wand of digging (4)
 K - a wand of heal wounds (8)
 U - a wand of disintegration (6)
Scrolls
 a - 11 scrolls of recharging
 l - 8 scrolls of magic mapping
 o - 3 scrolls of fear
 p - 24 scrolls of teleportation
 x - a scroll of identify
 y - 5 scrolls of fog
 C - 13 scrolls of amnesia
 L - 17 scrolls of remove curse
 M - 5 scrolls of immolation
 N - a scroll of holy word
 Q - 4 scrolls of blinking
Potions
 e - a potion of brilliance
 h - 9 potions of restore abilities
 i - 14 potions of curing
 z - 5 potions of might
 A - 2 potions of cancellation
 E - a potion of heal wounds
 G - 4 potions of magic
 J - a potion of resistance
 R - 6 potions of agility
Books
 b - a manual of Transmutations
Miscellaneous
 j - 4 lamps of fire
 u - 2 phantom mirrors
 H - a crystal ball of energy
Comestibles
 c - 22 bread rations
 f - a meat ration
 n - a beef jerky
 O - a chunk of flesh

Table legend:
 A = Turns spent in this place as a percentage of turns spent in the entire game.
 B = Non-inter-level travel turns spent in this place as a percentage of non-inter-level travel turns spent in the entire game.
 C = Inter-level travel turns spent in this place as a percentage of turns spent in this place.
 D = Turns resting spent in this place as a percentage of non-inter-level travel turns spent in this place.
 E = Turns spent auto-exploring this place as a percentage of non-inter-level travel turns spent in this place.
 F = Non-inter-level travel turns spent in this place divided by the number of levels of this place that you've seen.
                   A       B       C       D       E      F
               +-------+-------+-------+-------+-------+----------------------
         Total | 100.0 | 100.0 |   1.0 |   9.5 |  12.1 | 270.1
       Dungeon |  28.0 |  28.0 |   1.0 |   7.2 |   9.7 | 323.1
        Temple |   0.1 |   0.1 |   5.9 |   0.0 |  37.5 |  16.0
          Lair |   9.4 |   9.3 |   1.5 |   7.4 |  14.1 | 201.9
        Shoals |   6.4 |   6.4 |   0.9 |  16.7 |  18.6 | 221.6
     Snake Pit |   6.1 |   6.1 |   1.3 |  10.3 |  17.0 | 210.2
    Slime Pits |   4.0 |   4.0 |   0.9 |   9.4 |   0.6 | 115.7
  Orcish Mines |   9.1 |   9.1 |   1.4 |   6.3 |  12.5 | 393.2
   Elven Halls |   5.1 |   5.1 |   1.0 |   7.9 |  16.8 | 294.3
        Vaults |   8.5 |   8.5 |   1.6 |   9.3 |  18.7 | 293.2
         Crypt |   6.6 |   6.6 |   0.5 |  16.3 |  11.0 | 379.3
        Depths |  10.3 |  10.3 |   0.6 |  12.0 |  14.5 | 357.0
     Labyrinth |   1.0 |   1.0 |   0.0 |   1.7 |   0.0 | 176.0
         Trove |   0.7 |   0.7 |   0.0 |   0.0 |   0.0 | 122.0
       Ossuary |   0.7 |   0.7 |   0.0 |  11.7 |   1.6 | 128.0
      Ice Cave |   3.9 |   4.0 |   0.0 |  12.9 |   0.0 | 683.0
               +-------+-------+-------+-------+-------+----------------------


   Skills:
 - Level 14.9 Fighting
 - Level 11.2 Dodging
 - Level 2.6 Stealth
 - Level 8.0 Shields
 + Level 18.9 Spellcasting
 * Level 24.4 Conjurations
 - Level 4.6 Translocations
 * Level 24.0 Fire Magic
 - Level 11.1 Evocations


You had 20 spell levels left.
You knew the following spells:

 Your Spells              Type           Power        Failure   Level  Hunger
a - Fire Storm            Conj/Fire      #########.   1%          9    #####..
b - Iron Shot             Conj/Erth      #######...   1%          6    None
c - Bolt of Fire          Conj/Fire      #########.   1%          6    None
d - Fireball              Conj/Fire      #########.   0%          5    None
e - Sticky Flame          Conj/Fire      ########     0%          4    None
g - Repel Missiles        Chrm/Air       ######       1%          2    None
h - Blink                 Tloc           N/A          1%          2    None
i - Delayed Fireball      Conj/Fire      N/A          1%          7    None
j - Regeneration          Chrm/Necr      ######....   1%          3    None
m - Control Teleport      Chrm/Tloc      ######....   1%          4    None


Dungeon Overview and Level Annotations

Branches:
Dungeon (15/15)            Temple (1/1) D:4            Lair (8/8) D:8
 Shoals (5/5) Lair:6        Snake (5/5) Lair:5        Slime (6/6) Lair:6
    Orc (4/4) D:10            Elf (3/3) Orc:4        Vaults (5/5) D:13
  Crypt (3/3) Vaults:2       Tomb (0/3) Crypt:3      Depths (5/5) D:15
    Zot (0/5) Depths:5

Altars:
Cheibriados
Dithmenos
Elyvilon
Fedhas
Gozag
Kikubaaqudgha
Makhleb
Nemelex Xobeh
Okawaru
Qazlal
Ru
Trog
Vehumet
Xom
Yredelemnul
Zin
Beogh

Shops:
D:11 (   D:12 !(?   Orc:4 %*([(([((   Shoals:2 [   Snake:2 :   Vaults:3 (
Depths:3 *

Portals:
Hell: Depths:1 Depths:2 Depths:3 Depths:4 Depths:5
Abyss: Depths:1 Depths:3 Depths:4
Pandemonium: Depths:3
Ziggurat: Depths:3

Annotations:
Lair:8 1 exclusion
Snake:3 runed door
Elf:2 1 exclusion
Vaults:2 Mara


Innate Abilities, Weirdness & Mutations

You cannot wear most types of armour.
You are amphibious.
You can wear up to eight rings at the same time.
You can use your tentacles to constrict many enemies at once.
Your skin changes colour to match your surroundings (Stealth).
Your rubbery body absorbs attacks (AC +1).
You are partially covered in molten scales (AC +1).
You are partially covered in slimy green scales (AC +2).
You are agile. (Dex +2)
You tend to lose your temper in combat.
Your flesh is cold resistant.
You are somewhat resistant to further mutation.
You occasionally shout uncontrollably at your foes.
You are resistant to electric shocks.
You are weak. (Str -2)


Message History

The freezing wraith is burned terribly!
You destroy the freezing wraith!
Vehumet accepts your kill.
You feel your power returning.
Eat one of 2 chunks of flesh? (ye/n/q/i?) This raw flesh tastes terrible.
You continue eating.
The ancient lich is engulfed in roaring flames.
The bolt hits your fire vortex. The bolt freezes your fire vortex.
You continue eating.
The ancient lich conjures a glowing orb.
Casting: Bolt of Fire
Confirm with . or Enter, or press ? or * to list all spells.
Aiming: Fire Storm
Press: ? - help, Dir - move target cursor You feel a strong surge of power!
A raging storm of fire appears!
The great blast of fire engulfs the ancient lich.
The ancient lich partially resists.
The ancient lich is heavily damaged.
The great blast of fire engulfs the phantasmal warrior.
You destroy the phantasmal warrior!
Vehumet accepts your kill.
You feel your power returning. Vehumet accepts your kill.
You feel your power returning.
You feel a bit more experienced.
The ancient lich touches your fire vortex.
The ancient lich gestures next to you while chanting.
The metal wall shatters!
The blast of metal fragments hits you!
Read which item? (? for menu, Esc to quit)
Blink to where?
Press: ? - help, Dir - move target cursor
As you read the scroll of blinking, it crumbles to dust.
Found a wand of disintegration.
Read which item? (? for menu, Esc to quit)
As you read the scroll of summoning, it crumbles to dust.
Wisps of shadow whirl around you...
You swap places.
You swap places.
The orb of destruction hits you!
Ouch! That really hurt!
You die...

# .. .####. . .........
################.#.#....
§v...%§......W..........
L§*..§§§..§§B§..........#
vv............§§@../....#
§..v...........D........#
####################....
... . .


You could see a friendly ice dragon (wandering), a friendly boulder beetle
(wandering) and a friendly shadow wraith (wandering).

Table legend:
 A = Kills in this place as a percentage of kills in entire the game.
 B = Kills by you in this place as a percentage of kills by you in the entire game.
 C = Kills by friends in this place as a percentage of kills by friends in the entire game.
 D = Other kills in this place as a percentage of other kills in the entire game.
 E = Experience gained in this place as a percentage of experience gained in the entire game.
 F = Experience gained in this place divided by the number of levels of this place that you have seen.
                   A       B       C       D       E      F
               +-------+-------+-------+-------+-------+----------------------
         Total | 100.0 | 100.0 | 100.0 | 100.0 | 100.0 | 19999.4
       Dungeon |  20.5 |  20.8 |   0.0 |   5.0 |   5.7 | 4891.0
          Lair |   9.9 |  10.0 |   0.0 |   0.0 |   5.1 | 8226.4
        Shoals |   6.8 |   6.8 |   0.0 |  15.0 |   8.3 | 21340.6
     Snake Pit |   6.4 |   6.3 |  30.8 |   5.0 |   7.9 | 20299.4
    Slime Pits |   4.4 |   4.5 |   0.0 |   0.0 |   7.3 | 15590.7
  Orcish Mines |  11.7 |  11.8 |   0.0 |   5.0 |   1.7 | 5592.5
   Elven Halls |   5.3 |   5.4 |   0.0 |   0.0 |   7.8 | 33148.7
        Vaults |  14.8 |  14.6 |  15.4 |  45.0 |  19.8 | 50809.8
         Crypt |   7.0 |   6.8 |  30.8 |  10.0 |  10.9 | 46650.3
        Depths |  10.7 |  10.6 |  23.1 |  15.0 |  24.0 | 61392.4
     Labyrinth |   0.2 |   0.2 |   0.0 |   0.0 |   0.1 | 1751.0
       Ossuary |   0.6 |   0.6 |   0.0 |   0.0 |   0.0 | 183.0
      Ice Cave |   1.7 |   1.7 |   0.0 |   0.0 |   1.1 | 14330.0
               +-------+-------+-------+-------+-------+----------------------

Vanquished Creatures
  the royal jelly (Slime:6)
  Margery (Vaults:5)
  Saint Roka (Shoals:2)
  2 profane servitors (Crypt:3)
  7 golden dragons
  The ghost of BluebellGnoll the Acrobat, an awesomely powerful SpEn of Dithmenos (Depths:2)
  4 liches
  A bone dragon (Crypt:3)
  2 caustic shrikes (Depths:5)
  3 tentacled monstrosities (Depths:5)
  21 acid blobs
  A deep elf master archer (Elf:3)
  3 quicksilver dragons
  4 titans
  The ghost of runewalsh the Gelid, a mighty OpIE of Vehumet (Elf:3)
  4 krakens
  An octopode crusher (Depths:1)
  Rupert (Shoals:2)
  6 sphinxes
  2 ancient champions
  Kirke (Elf:1)
  3 revenants
  Frances (Shoals:2)
  4 storm dragons
  A draconian monk (Depths:4)
  8 tengu reavers
  2 shadow dragons
  14 azure jellies
  Ilsuiw (Shoals:5)
  11 greater nagas
  11 fire giants
  12 frost giants
  13 vault wardens
  2 orc warlords (Orc:4)
  An iron dragon (Depths:5)
  A draconian knight (Depths:4)
  An emperor scorpion (Depths:5)
  19 ghouls
  9 deep elf sorcerers
  Jorgrun (Snake:4)
  The ghost of ThermosAquaticus the Black Belt, a powerful OpTm of Fedhas (Shoals:1)
  A spriggan defender (Depths:5)
  2 draconian annihilators
  A draconian shifter (Depths:4)
  2 vampire knights
  13 stone giants
  A draconian caller (Depths:4)
  8 very ugly things
  A reaper (Crypt:3)
  9 deep elf demonologists
  Azrael (D:15)
  9 deep elf annihilators
  5 dire elephants
  10 eidola
  5 ettins
  8 deep elf death magi
  A mummy priest (Crypt:3)
  A quicksilver dragon zombie (Crypt:3)
  11 death oozes
  9 merfolk javelineers
  29 vault guards
  6 merfolk impalers
  14 yaktaur captains
  7 jiangshi
  11 fire dragons
  5 deep elf high priests
  2 minotaurs
  10 great orbs of eyes
  14 ironheart preservers
  7 hydras
  16 naga warriors
  18 ice dragons
  A rakshasa (Vaults:2)
  2 death knights (Crypt:3)
  3 anacondas
  A ghost crab (shapeshifter) (Depths:2)
  16 ogre magi
  4 merfolk avatars
  2 spriggan air magi (Depths:5)
  11 deep troll shamans
  5 centaur warriors
  10 death yaks
  4 merfolk aquamancers
  9 shock serpents
  4 vampire magi (Crypt:2)
  2 satyrs (Shoals:5)
  5 tengu warriors
  A spriggan berserker (Depths:4)
  A titan zombie (Crypt:2)
  A dancing weapon (Vaults:5)
  A soul eater (Crypt:1)
  2 orc high priests (Orc:4)
  3 deep troll earth magi
  10 naga sharpshooters
  3 shadow wraiths
  A storm dragon zombie (Crypt:3)
  4 catoblepae
  6 hell knights
  A titan skeleton (Vaults:4)
  26 deep elf knights
  7 wizards
  Erolcha (Orc:2)
  3 iron trolls (Depths:3)
  A fire crab (Lair:7)
  A salamander mystic (Snake:3)
  A fire crab (shapeshifter) (Vaults:4)
  3 golden dragon zombies
  An anaconda zombie (Crypt:3)
  A giant orange brain (shapeshifter) (Depths:5)
  23 skeletal warriors
  13 flayed ghosts
  A ghost moth zombie (Crypt:2)
  2 death drakes (Depths:4)
  13 sea snakes
  7 hill giants
  3 spriggan druids (Depths:3)
  A giant orange brain (Depths:5)
  An ice statue (IceCv)
  16 ironbrand convokers
  6 lindwurms
  A wolf spider zombie (D:15)
  5 naga ritualists
  12 deep trolls
  23 deep elf summoners
  8 oklob plants
  17 harpies
  7 necromancers
  2 iron dragon zombies (Crypt:3)
  17 phantasmal warriors
  15 orc knights
  6 mana vipers
  A shining eye (shapeshifter) (Depths:5)
  54 ugly things
  3 hornets
  A shining eye (Slime:5)
  A stone giant zombie (Crypt:3)
  16 deep elf conjurers
  6 orc sorcerers
  A shadow dragon skeleton (Crypt:2)
  14 griffons
  The ghost of haldagan the Shield-Bearer, an experienced OpFi of Gozag (D:6)
  5 wolf spiders
  18 manticores
  7 salamanders
  8 cyclopes
  2 fauns (Shoals:3)
  2 octopodes (shapeshifter)
  2 spiny frogs (shapeshifter)
  A guardian serpent (shapeshifter) (Vaults:2)
  22 elephants
  8 sirens
  4 water nymphs
  4 guardian serpents
  14 spiny frogs
  An eye of devastation (Slime:5)
  28 black mambas
  4 gargoyles
  An orange demon (Depths:5)
  2 torpor snails
  10 vault sentinels
  25 naga magi
  7 centaur skeletons
  2 komodo dragons (shapeshifter)
  2 kobold demonologists (D:13)
  63 yaktaurs
  15 komodo dragons
  4 fire drakes
  A green draconian skeleton (Crypt:2)
  A grey draconian skeleton (Crypt:2)
  2 guardian mummies (Crypt:3)
  A wandering mushroom (D:8)
  20 two-headed ogres
  A blue devil (Depths:2)
  A hydra zombie (Crypt:3)
  19 deep elf priests
  14 freezing wraiths
  17 polar bears
  A jumping spider (shapeshifter) (Depths:2)
  40 merfolk
  A polar bear (shapeshifter) (Depths:3)
  2 queen bees (shapeshifter)
  A death drake zombie (Crypt:1)
  A tormentor (Crypt:2)
  A catoblepas zombie (Crypt:1)
  6 wind drakes
  12 snapping turtles
  An ice dragon zombie (D:15)
  6 basilisks
  3 bog bodies
  A hydra skeleton (Crypt:2)
  An ettin zombie (Crypt:3)
  3 fire dragon zombies
  6 boulder beetles
  8 ravens
  A fire giant simulacrum (Crypt:2)
  A deep troll zombie (D:15)
  3 flying skulls (Crypt:1)
  An alligator zombie (Crypt:3)
  A stone giant simulacrum (Vaults:4)
  81 slime creatures
  11 blink frogs
  9 trolls
  2 wyverns
  A trapdoor spider (shapeshifter) (Vaults:2)
  A spriggan (shapeshifter) (Vaults:3)
  2 air elementals (Depths:5)
  A basilisk (shapeshifter) (Depths:2)
  A yak (shapeshifter) (Vaults:1)
  A redback (shapeshifter) (D:14)
  A redback (Elf:2)
  69 yaks
  12 water elementals
  A griffon skeleton (Crypt:1)
  A trapdoor spider (D:13)
  6 golden eyes (Slime:3)
  A steam dragon (shapeshifter) (Depths:1)
  21 deep elf magi
  A tarantella (Elf:1)
  2 shadows
  14 spriggans
  2 steam dragons
  10 wraiths
  Eustachio (D:5)
  7 fire elementals
  A tarantella (shapeshifter) (Depths:1)
  4 hogs (Elf:1)
  8 hungry ghosts
  Grum (D:8)
  33 deep elf fighters
  20 humans (D:13)
  4 vampires
  9 vampire mosquitoes
  11 hippogriffs
  3 mottled dragons
  A neqoxec (Depths:5)
  8 wargs
  6 raven skeletons (Crypt:3)
  20 wolves
  11 porcupines
  21 water moccasins
  51 nagas
  59 orc warriors
  2 hell hounds (D:15)
  3 swamp drakes
  2 black bears
  5 ice beasts
  6 phantoms
  A snapping turtle zombie (Crypt:3)
  9 eyes of draining
  A human simulacrum (Vaults:3)
  An anubis guard skeleton (Crypt:1)
  12 boggarts
  16 necrophages
  A wasp (shapeshifter) (Vaults:4)
  9 wasps
  An ogre (shapeshifter) (Depths:5)
  A crocodile (shapeshifter) (Depths:5)
  A snapping turtle skeleton (Crypt:2)
  76 ogres
  24 centaurs
  Sigmund (D:7)
  Duvessa (D:7)
  8 crocodiles
  5 lost souls
  A boring beetle (Lair:8)
  3 big kobolds
  A brain worm (D:14)
  Blork the orc (D:7)
  2 wyvern zombies
  A hog skeleton (Crypt:1)
  26 giant frogs
  An elf skeleton (Crypt:2)
  5 scorpions
  A water moccasin skeleton (Crypt:1)
  A cyclops skeleton (Crypt:2)
  A warg zombie (Orc:4)
  5 killer bees (D:10)
  A polar bear skeleton (Crypt:1)
  3 vampire bats (D:2)
  3 troll zombies
  4 electric eels
  2 goliath beetles (D:11)
  Dowan (D:7)
  5 crimson imps
  4 centaur zombies
  2 quasits
  An iron imp (Orc:1)
  26 jellies
  2 giant frog zombies
  8 human zombies
  A basilisk zombie (D:13)
  13 hounds
  45 orc priests
  9 worker ants
  3 giant frog skeletons
  38 orc wizards
  3 hell rats
  13 iguanas
  A big kobold zombie (Ossuary)
  32 sheep
  4 ogre zombies (D:10)
  Ijyb (D:2)
  A sky beast zombie (Crypt:2)
  3 hound zombies
  A felid skeleton (Crypt:2)
  2 hound skeletons (D:7)
  A worker ant zombie (D:7)
  9 mummies
  2 gnolls (D:2)
  25 adders
  54 river rats
  3 shadow imps
  A white imp (Orc:1)
  8 worms
  4 giant mites
  An adder zombie (D:8)
  2 adder skeletons
  3 giant geckos
  An ooze (D:1)
  259 orcs
  2 ball pythons
  20 bats
  4 bat skeletons
  2 bat zombies (D:2)
  5 giant cockroaches
  A gnoll zombie (Ossuary)
  23 goblins
  15 hobgoblins
  32 kobolds
  9 quokkas
  2 giant gecko skeletons
  15 giant newts
  3 giant spores
  2 goblin skeletons (D:10)
  2 goblin zombies (D:10)
  2 hobgoblin skeletons
  4 hobgoblin zombies
  16 jackals
  3 kobold zombies
  28 orc zombies
  A quokka skeleton (Crypt:1)
  20 rats
  8 ballistomycetes
  5 bushes
  13 fungi
  29 plants
2951 creatures vanquished.

Vanquished Creatures (collateral kills)
  A greater naga (Snake:5)
  Aizul (Depths:2)
  A ghoul (Crypt:3)
  A stone giant (Depths:5)
  A dire elephant (Depths:3)
  A quicksilver dragon zombie (Crypt:3)
  A vault guard (Vaults:5)
  2 naga warriors (Snake:5)
  A naga ritualist (Snake:5)
  An iron dragon zombie (Crypt:3)
  A yaktaur (Vaults:3)
  A silent spectre (Crypt:2)
13 creatures vanquished.

Vanquished Creatures (others)
  2 stone giants
  A deep elf annihilator (Elf:3)
  2 merfolk javelineers (Shoals:5)
  A deep elf death mage (Elf:3)
  3 yaktaur captains
  A fire dragon (Depths:5)
  2 vault guards (Vaults:5)
  A centaur warrior (Vaults:2)
  A naga sharpshooter (Snake:5)
  A sun demon (Elf:1)
  A cyclops (Shoals:2)
  A fire drake (Depths:4)
  3 yaktaurs
  8 fire elementals
  A troll (D:15)
  104 fire vortices
  A baby alligator (shapeshifter) (D:15)
  A deep elf mage (Elf:3)
  A centaur (D:10)
  2 humans
  8 lost souls
  2 fungi
  12 plants
  16 tentacles
176 creatures vanquished.

Grand Total: 3140 creatures vanquished

Action                   |  1- 3 |  4- 6 |  7- 9 | 10-12 | 13-15 | 16-18 | 19-21 | 22-24 | 25-27 || total
-------------------------+-------+-------+-------+-------+-------+-------+-------+-------+-------++-------
Melee: Unarmed           |    86 |    88 |       |       |       |       |       |       |       ||   174
       Short sword       |       |    32 |   131 |       |       |       |       |       |       ||   163
       Staff             |       |       |    24 |    88 |   263 |   121 |    47 |    26 |    16 ||   585
 Cast: Flame Tongue      |    26 |    95 |   180 |    97 |    49 |     2 |    20 |       |       ||   469
       Conjure Flame     |     4 |     8 |    11 |    63 |    11 |       |     1 |       |       ||    98
       Sticky Flame      |       |       |    22 |    41 |    45 |     8 |     7 |       |     3 ||   126
       Fireball          |       |       |    10 |    97 |   367 |   344 |   162 |   206 |   133 ||  1319
       Bolt of Fire      |       |       |       |     3 |    63 |   231 |   336 |   356 |   315 ||  1304
       Mephitic Cloud    |       |       |       |       |     3 |     4 |       |       |       ||     7
       Repel Missiles    |       |       |       |       |     3 |     2 |     2 |     3 |     2 ||    12
       Delayed Fireball  |       |       |       |       |     2 |     3 |     5 |     5 |     2 ||    17
       Blink             |       |       |       |       |       |    11 |     6 |    13 |    25 ||    55
       Regeneration      |       |       |       |       |       |     7 |     6 |     4 |     7 ||    24
       Iron Shot         |       |       |       |       |       |       |     2 |    35 |    94 ||   131
       Fire Storm        |       |       |       |       |       |       |     1 |     1 |    78 ||    80
 Abil: Evoke Invisibilit |       |       |       |       |     1 |       |       |       |       ||     1
       Release Delayed F |       |       |       |       |     1 |     3 |     6 |     4 |     1 ||    15
Evoke: Wand              |       |       |       |     2 |       |       |     5 |       |     2 ||     9
       Lamp of fire      |       |       |       |       |       |     1 |     2 |     6 |     4 ||    13
       Phial of floods   |       |       |       |       |       |       |       |     1 |       ||     1
       Crystal ball of e |       |       |       |       |       |       |       |       |     3 ||     3
  Use: Scroll            |       |     9 |     8 |     5 |     4 |     8 |    17 |    11 |    11 ||    73
       Potion            |       |       |     2 |     2 |     1 |     1 |     9 |     6 |    20 ||    41
 Stab: Sleeping          |     4 |    10 |     5 |     4 |       |       |       |       |       ||    23
       Distracted        |     1 |       |       |       |       |       |       |       |       ||     1
       Confused          |       |       |       |       |       |     1 |       |       |       ||     1
  Eat: Chunk             |     1 |     8 |    25 |    46 |   109 |   134 |    63 |    58 |    79 ||   523
       Fruit             |       |     3 |       |     4 |     5 |     8 |     3 |     5 |     7 ||    35
       Pizza             |       |       |       |     2 |     7 |     5 |       |       |       ||    14
       Royal jelly       |       |       |       |     1 |       |       |     1 |     1 |       ||     3
       Beef jerky        |       |       |       |       |     4 |     4 |     1 |       |     1 ||    10
       Meat ration       |       |       |       |       |       |       |    11 |     1 |     1 ||    13
       Bread ration      |       |       |       |       |       |       |       |     6 |     6 ||    12

Vault maps used:
D:1:      minmay_arrival_hallway, minmay_lizard_king
D:2:      wad_woods_tower, kennysheep_vampire_church, first_bread, st_stairs_12,
          uniq_iyjb
D:3:      lemuel_doored_altar, tgw_kikubaaqudgha
D:4:      overflow_temple_1_default, minmay_temple_entry_grid,
          trog_hazing_becter
D:5:      nicolae_gozag_cash_rules_everything_around_me,
          minmay_misc_feat_ornament, uniq_eustachio
D:6:      nicolae_whirlpool, gammafunk_temple_overflow_statue, basic_altar,
          grunt_decor_fettered, item_on_display_a
D:7:      serial_park_square1, nicolae_dithmenos_through_a_glass_darkly,
          enter_ossuary_1, uniq_blork_the_orc, uniq_sigmund, uniq_duvessa
D:8:      dpeg_oklobed_lair, uniq_grum
D:10:     zombieorc1_lemuel
D:11:     serial_shops, shop, enter_trove_6
D:12:     serial_shops, shop, shop, nicolae_shop_stone,
          portal_ice_cave_entry_pillars_03, grunt_pizzeria
D:13:     grunt_vaults_entry_tiered
D:14:     basic_altar
D:15:     gammafunk_depths_entry_grave, basic_altar, minmay_stone_trees_medium,
          uniq_azrael
Temple:   minmay_temple_forest_path_12
Lair:1:   beast_lair_carwin_8
Lair:2:   minmay_lair_venomous_thicket, minmay_lindwurm_lava
Lair:3:   grunt_megastairs_4
Lair:5:   minmay_snake_entry_guardpost_small, minivault_26
Lair:6:   minmay_shoals_entry_hut, minmay_slime_entry_pillars,
          beast_lair_carwin_9, lemuel_fruit_tree
Lair:7:   minmay_lair_oklob_chamber
Lair:8:   evil_forest, minmay_slime_entry_oklob_open, basic_altar
Shoals:2: serial_shops, shop, uniq_saint_roka, uniq_frances, uniq_rupert
Shoals:4: nicolae_shoals_wave_tunnel
Shoals:5: shoals_end_hangedman, shoals_ilsuiw_alternative
Snake:2:  serial_shops, shop, serial_corexii_hall, corexii_hall_statues_x,
          corexii_hall_statues_l, corexii_hall_statues_i, corexii_hall_statues_i
Snake:3:  lightli_airlock
Snake:4:  basic_stair_grate_trap, uniq_jorgrun
Snake:5:  snake_pit
Slime:5:  cheibrodos_slime_lost_civilization_5
Orc:1:    hangedman_minor_magic
Orc:2:    uniq_erolcha
Orc:3:    basic_altar, nicolae_orc_pool_cavern
Orc:4:    orc_temple, serial_shops, shop,
          nicolae_shop_competitors_out_of_business, shop, shop_fountains,
          nicolae_shop_statue_plus, lab_entry_generic,
          grunt_orc_community_town_hall, grunt_orc_community_big_house_1,
          grunt_orc_community_big_house_2, grunt_orc_community_house_3,
          grunt_orc_community_house_2, grunt_orc_community_house_2,
          grunt_orc_community_house_2
Elf:1:    eino_elf_arrival_sip, orc_legates, uniq_kirke
Elf:2:    basic_stair_grate_trap, uniq_agnes
Elf:3:    minmay_elf_hall_x, dk_noncrumbling_2
Vaults:1: v_misc_23, vaults_room_grid, vaults_room_large_hall, v_misc_1,
          nicolae_vaults_what_the_h, nicolae_vaults_asterisk, v_misc_16,
          grunt_vaults_twisty, ontoclasm_vaults_decontamination
Vaults:2: minmay_crypt_entry_necro_gods, v_misc_12, v_alt_pattern_3,
          v_alt_pattern_1, hangedman_vaults_stretched_pinwheel,
          nicolae_vaults_asterisk, v_misc_12, hangedman_vaults_hat,
          ontoclasm_vaults_ring_square, vaults_mumra_hex, grunt_vaults_focal,
          vaults_dpeg_diagonal, uniq_mara
Vaults:3: grunt_vaults_swirl, nicolae_vaults_twisting_passages,
          nicolae_vaults_little_squares_1, ontoclasm_vaults_bender,
          nicolae_vaults_shelves_hall, v_misc_2,
          nicolae_vaults_windows_and_doors_thing, v_misc_19, v_misc_4,
          vaults_standard_mumra_lines, nicolae_vaults_little_squares_1,
          nicolae_vaults_angled_halls, hangedman_vaults_impose, st_cells,
          serial_shops, shop
Vaults:4: v_alt_pattern_4, nicolae_vaults_big_ls, vaults_room_hallway,
          vaults_mumra_chevron, v_misc_3, hangedman_vaults_trim,
          vaults_mumra_hexcomb, nicolae_vaults_little_squares_2,
          vaults_dpeg_doors
Vaults:5: serial_shops, uniq_margery
Crypt:1:  moated_statue
Crypt:2:  lemuel_elevator
Crypt:3:  evilmike_haunted_forest
Depths:1: abyss_entry, hell_entry, fake_guardian_serpent_vault,
          hangedman_decor_cross_pass, serial_bayou_shore_a, grunt_megastairs_2
Depths:2: grunt_deathspiral_small, hangedman_coc_ice_floe,
          infiniplex_staircase_pool_2, uniq_aizul
Depths:3: forest_paths, enter_ziggurat_e, columned_hall_lemuel, abyss_entry,
          pan_entry, serial_shops, kennysheep_mini_moat, pf_hell_entry_great_geh
Depths:4: gold_lair_mu, hell_entry, hangedman_abyss_entry_splay,
          corexii_hall_statues_l, hangedman_decor_clover_reticule, st_stairs_6
Depths:5: hangedman_slaughterboxes, hell_entry
Lab:      labyrinth_watery, nicolae_lab_blocks, nicolae_lab_arrow
Trove:    trove_garden
Ossuary:  ossuary_tomb_3
IceCv:    ice_cave_caverns_03
